 Dungeon Crawl Stone Soup version 0.21-a0-531-gacddea6 (webtiles) character file.

1283 teukkam the Fighter (level 8, -1/83 (88) HPs)
             Began as a Gnoll Wanderer on Dec 13, 2017.
             Was a Follower of Wu Jian.
             Slain by an orc warrior
             ... wielding a +0 long sword
              (4 damage)
             ... on level 5 of the Dungeon.
             The game lasted 00:22:47 (5265 turns).

teukkam the Fighter (Gnoll Wanderer)                Turns: 5265, Time: 00:22:48

HP:   -1/83 (88)    AC:  6    Str: 20    XL:     8   Next: 54%
MP:   12/12         EV: 12    Int: 14    God:    Wu Jian [*.....]
Gold: 218           SH:  0    Dex: 12    Spells: 13/13 levels left

rFire    . . .     SeeInvis +   a - +0 rapier
rCold    + + .     Gourm    .   (no shield)
rNeg     . . .     Faith    .   d - +0 ring mail of Insatiable Hunger {Regen+} (curse)
rPois    .         Spirit   .   (no helmet)
rElec    +         Reflect  .   (no cloak)
rCorr    .         Harm     .   (no gloves)
MR       +....                  (no boots)
Stlth    +++.......             (no amulet)
HPRegen  0.63/turn              c - ring "Idas" {rElec rC++ MR+ SInv}
MPRegen  0.13/turn              r - ring of stealth (curse)

@: very slightly contaminated
A: distributed training, fangs 1, rugged brown scales 1, robust 1, strong nose
a: Renounce Religion


You were on level 5 of the Dungeon.
You worshipped Wu Jian.
Wu Jian was aware of your devotion.
You were hungry.

You visited 2 branches of the dungeon, and saw 8 of its levels.
You also visited: Ossuary.

You collected 218 gold pieces.

Inventory:

Hand Weapons
 a - a +0 rapier (weapon)
 b - a +1 shortbow
 e - a +0 club
 l - a +0 long sword
Missiles
 p - 116 arrows
 u - 19 bolts
Armour
 d - the cursed +0 ring mail of Insatiable Hunger (worn) {Regen+}
   (You found it on level 4 of the Dungeon)

   It increases your rate of regeneration.
   It has a curse placed upon it.
Jewellery
 c - the ring "Idas" (left hand) {rElec rC++ MR+ SInv}
   (You found it on level 4 of the Dungeon)

   [ring of see invisible]

   It greatly protects you from cold.
   It insulates you from electricity.
   It affects your resistance to hostile enchantments.
   It lets you see invisible.
 o - a +2 ring of intelligence
 r - a cursed ring of stealth (right hand)
Wands
 v - a wand of polymorph (15)
Scrolls
 i - 2 scrolls of enchant weapon
 k - 3 scrolls of identify
 m - 3 scrolls of fear
Potions
 g - a potion of agility
 h - 3 potions of might
 s - a potion of cancellation
 t - a potion of heal wounds
Comestibles
 f - 2 bread rations
 n - a meat ration


   Skills:
 + Level 12.4 Fighting
 + Level 3.3 Short Blades
 + Level 3.3 Long Blades
 + Level 3.3 Axes
 + Level 3.3 Maces & Flails
 + Level 3.3 Polearms
 + Level 3.3 Staves
 + Level 3.3 Slings
 + Level 4.2 Bows
 + Level 3.3 Crossbows
 + Level 4.2 Throwing
 + Level 3.3 Armour
 + Level 3.3 Dodging
 + Level 4.1 Stealth
 + Level 3.3 Shields
 + Level 4.2 Unarmed Combat
 + Level 3.3 Spellcasting
 + Level 2.7 Conjurations
 + Level 2.7 Hexes
 + Level 2.7 Charms
 + Level 2.7 Summonings
 + Level 2.7 Necromancy
 + Level 2.7 Translocations
 + Level 2.7 Transmutations
 + Level 2.7 Fire Magic
 + Level 2.7 Ice Magic
 + Level 2.7 Air Magic
 + Level 2.7 Earth Magic
 + Level 2.7 Poison Magic
 + Level 3.6 Invocations
 + Level 3.3 Evocations


You had 13 spell levels left.
You didn't know any spells.

Dungeon Overview and Level Annotations

Branches:
Dungeon (7/15)             Temple (1/1) D:6

Altars:
Ashenzari
Cheibriados
Dithmenos
Elyvilon
Gozag
Kikubaaqudgha
Nemelex Xobeh
Qazlal
Ru
Sif Muna
Trog
Uskayaw
Vehumet
Wu Jian
Yredelemnul
Zin
The Shining One

Annotations:
D:4 Regeox's ghost, amateur DsCK
D:6 Gerstahl's ghost, novice MfGl


Innate Abilities, Weirdness & Mutations

Your experience applies equally to all skills.
You have very sharp teeth.
Your uncanny sense of smell can sniff out nearby items.
You are partially covered in rugged brown scales. (AC +1, +3% HP)
You are robust. (+10% HP)


Message History

The orc warrior hits you but does no damage.
You hit the orc warrior but do no damage.
You bite the orc warrior, but do no damage.
The orc warrior hits you with a long sword!!
* * * LOW HITPOINT WARNING * * *
You spin and attack the orc warrior.
You closely miss the orc warrior.
The orc warrior hits you with a long sword!
* * * LOW HITPOINT WARNING * * *
You spin and attack the orc warrior.
You barely miss the orc warrior.
You bite the orc warrior, but do no damage.
There is a stone staircase leading down here.
You hit the orc warrior. Your bite misses the orc warrior.
The orc warrior is lightly wounded.
The orc warrior hits you with a long sword!
* * * LOW HITPOINT WARNING * * *
You puncture the orc warrior!
You bite the orc warrior, but do no damage.
The orc warrior is heavily wounded.
The orc warrior hits you with a long sword.
You die...

#... #... #...
###########...
#.............
#............# ############
#............#
#..........###............#
#.........@................
#.........o###.............
#..........# #.............
#..........# #.............
##########.# #.............
##########)###.............
#..<.......................
#..........###############.
#..........# #.


You could see an orc warrior.

Vanquished Creatures
  Sigmund (D:6)
  A centaur (D:5)
  An elf zombie (Ossuary)
  2 scorpions
  3 killer bees (D:7)
  A bullfrog zombie (D:5)
  5 crimson imps
  2 hounds
  A quasit (D:5)
  A bullfrog skeleton (D:6)
  2 jellies (D:5)
  A human zombie (Ossuary)
  9 worker ants
  A hound skeleton (D:6)
  2 mummies (Ossuary)
  A howler monkey skeleton (D:4)
  2 adders
  A shadow imp (D:7)
  An adder skeleton (D:4)
  3 adder zombies
  2 orcs
  4 giant cockroaches
  9 jackals
  2 kobolds
  A quokka (D:7)
  2 bats
  15 hobgoblin zombies (Ossuary)
  A jackal zombie (Ossuary)
  7 kobold zombies (Ossuary)
  4 orc zombies (Ossuary)
88 creatures vanquished.

Notes
Turn   | Place    | Note
-------+----------+-------------------------------------------
     0 | D:1      | Reached skill level 12 in Fighting
     0 | D:1      | teukkam the Gnoll Wanderer began the quest for the Orb.
     0 | D:1      | teukkam set off with: 2 scrolls of fear, a scroll of teleportation, a potion of lignification, a +0 robe, a +0 club, a bread ration
     0 | D:1      | Reached XP level 1. HP: 31/31 MP: 1/1
   401 | D:2      | Reached XP level 2. HP: 35/38 MP: 2/2
   462 | D:4      | Reached XP level 3. HP: 25/44 MP: 2/4
   626 | D:3      | Reached skill level 1 in Invocations
   972 | D:5      | Entered Level 5 of the Dungeon
   987 | D:4      | Noticed Regeox's ghost (amateur DsCK)
  1069 | D:5      | Reached skill level 1 in Short Blades
  1069 | D:5      | Reached skill level 1 in Long Blades
  1069 | D:5      | Reached skill level 1 in Axes
  1069 | D:5      | Reached skill level 1 in Maces & Flails
  1069 | D:5      | Reached skill level 1 in Polearms
  1069 | D:5      | Reached skill level 1 in Staves
  1069 | D:5      | Reached skill level 1 in Slings
  1069 | D:5      | Reached skill level 1 in Crossbows
  1069 | D:5      | Reached skill level 1 in Armour
  1069 | D:5      | Reached skill level 1 in Dodging
  1069 | D:5      | Reached skill level 1 in Shields
  1069 | D:5      | Reached skill level 1 in Spellcasting
  1069 | D:5      | Reached skill level 1 in Evocations
  1069 | D:5      | Reached XP level 4. HP: 4/51 MP: 5/5
  1071 | D:5      | HP: 3/76 [poisoned by a worker ant]
  1077 | D:5      | HP: 3/76 [poisoned by a worker ant]
  1085 | D:5      | HP: 2/76 [poisoned by a worker ant]
  1476 | D:6      | Noticed a centaur
  1476 | D:6      | Noticed an orc warrior
  1476 | D:6      | Noticed a necrophage
  1494 | D:5      | Noticed a centaur
  1512 | D:5      | HP: 2/51 [centaur (6)]
  1513 | D:5      | Killed a centaur
  1513 | D:5      | Reached skill level 1 in Conjurations
  1513 | D:5      | Reached skill level 1 in Hexes
  1513 | D:5      | Reached skill level 1 in Charms
  1513 | D:5      | Reached skill level 1 in Summonings
  1513 | D:5      | Reached skill level 1 in Necromancy
  1513 | D:5      | Reached skill level 1 in Translocations
  1513 | D:5      | Reached skill level 1 in Transmutations
  1513 | D:5      | Reached skill level 1 in Fire Magic
  1513 | D:5      | Reached skill level 1 in Ice Magic
  1513 | D:5      | Reached skill level 1 in Air Magic
  1513 | D:5      | Reached skill level 1 in Earth Magic
  1513 | D:5      | Reached skill level 1 in Poison Magic
  1513 | D:5      | Reached XP level 5. HP: 2/57 MP: 5/7
  2020 | D:5      | Reached XP level 6. HP: 64/64 MP: 8/8
  2412 | D:5      | Reached XP level 7. HP: 59/70 MP: 10/10
  2758 | D:4      | Got a heavily runed ivory ring
  2828 | D:4      | Identified the ring "Idas" {rElec rC++ MR+ SInv} (You found it on level 4 of the Dungeon)
  3177 | D:4      | Got a heavily runed ring mail
  3188 | D:4      | Identified the cursed +0 ring mail of Insatiable Hunger {Regen+} (You found it on level 4 of the Dungeon)
  3522 | D:6      | Found a staircase to the Ecumenical Temple.
  3523 | D:6      | Noticed Gerstahl's ghost (novice MfGl)
  3531 | Temple   | Entered the Ecumenical Temple
  3636 | Temple   | Became a worshipper of the Wu Jian Council
  3690 | D:6      | Found a snail-covered altar of Cheibriados.
  3804 | D:7      | Found a sand-covered staircase.
  3814 | Ossuary  | Entered an ossuary
  3940 | Ossuary  | Reached * piety under Wu Jian
  4275 | D:7      | Reached XP level 8. HP: 43/76 MP: 12/12
  4833 | D:6      | Noticed Sigmund
  4836 | D:6      | Gained mutation: You have sharp toenails. [potion of mutation]
  4836 | D:6      | Gained mutation: You possess an exceptional clarity of mind. [potion of mutation]
  4837 | D:6      | Lost mutation: You possess an exceptional clarity of mind. [potion of mutation]
  4837 | D:6      | Lost mutation: You have sharp toenails. [potion of mutation]
  4837 | D:6      | Gained mutation: You are partially covered in rugged brown scales. (AC +1, +3% HP) [potion of mutation]
  4837 | D:6      | Gained mutation: You are robust. (+10% HP) [potion of mutation]
  4845 | D:6      | Killed Sigmund
  5264 | D:5      | HP: 2/83 [orc warrior/long sword (15)]
  5265 | D:5      | Slain by an orc warrior

Vault maps used:
D:1:      lightli_arrival_flooded_house, hex_tiny, serial_bayou_lake_a
D:2:      first_bread, st_stairs_10
D:3:      chequers_temple_overflow_statue_of_worship, uniq_jessica
D:4:      minmay_misc_feat_chi
D:6:      cheibriados_altar_1, minmay_temple_entry_poolview,
          serial_bayou_pond_b, uniq_sigmund
D:7:      nicolae_ossuary_entry_monument, the_bakery, minivault_26,
          minmay_tree_intersection
Temple:   regret_index_temple_sphere_string
Ossuary:  ossuary_tomb_1

Skill      XL: |  1  2  3  4  5  6  7  8 |
---------------+-------------------------+-----
Fighting       | | 12.4
Invocations    | 1 2 3 |  3.6
Short Blades   | 1 2 3 |  3.3
Long Blades    | 1 2 3 |  3.3
Axes           | 1 2 3 |  3.3
Maces & Flails | 1 2 3 |  3.3
Polearms       | 1 2 3 |  3.3
Staves         | 1 2 3 |  3.3
Slings         | 1 2 3 |  3.3
Crossbows      | 1 2 3 |  3.3
Armour         | 1 2 3 |  3.3
Dodging        | 1 2 3 |  3.3
Shields        | 1 2 3 |  3.3
Spellcasting   | 1 2 3 |  3.3
Evocations     | 1 2 3 |  3.3
Conjurations   | 1 2 |  2.7
Hexes          | 1 2 |  2.7
Charms         | 1 2 |  2.7
Summonings     | 1 2 |  2.7
Necromancy     | 1 2 |  2.7
Translocations | 1 2 |  2.7
Transmutations | 1 2 |  2.7
Fire Magic     | 1 2 |  2.7
Ice Magic      | 1 2 |  2.7
Air Magic      | 1 2 |  2.7
Earth Magic    | 1 2 |  2.7
Poison Magic   | 1 2 |  2.7
Bows           | 3 4 |  4.2
Throwing       | 3 4 |  4.2
Unarmed Combat | 3 4 |  4.2
Stealth        | 3 4 |  4.1

Action                   |  1- 3 |  4- 6 |  7- 9 || total
-------------------------+-------+-------+-------++-------
Melee: Club              |    12 |       |       ||    12
       Short sword       |    57 |   110 |    25 ||   192
       Bite              |     6 |     7 |    44 ||    57
       Punch             |     1 |     1 |     6 ||     8
       Long sword        |       |       |   165 ||   165
       Rapier            |       |       |    95 ||    95
 Fire: Shortbow          |       |    22 |    41 ||    63
  Use: Potion            |     5 |     3 |     9 ||    17
       Scroll            |     2 |     2 |     7 ||    11
 Stab: Sleeping          |     1 |       |     5 ||     6
  Eat: Chunk             |       |     1 |     2 ||     3
       Royal jelly       |       |     1 |     1 ||     2
       Fruit             |       |       |     2 ||     2
       Meat ration       |       |       |     1 ||     1
Armor: Robe              |    12 |       |       ||    12
       Ring mail         |       |    49 |    80 ||   129
       Chain mail        |       |       |     3 ||     3
Dodge: Dodged            |    57 |    58 |   195 ||   310
       Rpst.: Long sword |       |       |    44 ||    44

Table legend:
 A = Spawn XP
 B = Non-spawn XP
 C = Spawn XP percentage of total XP
 D = Spawn monster count
 E = Non-spawn monster count
 F = Spawn count percentage of total count
 G = Total turns spent on level
                    A         B        C        D         E        F      G
               +---------+---------+-------+---------+---------+-------+---------
         Total |       0 |    1833 |   0.0 |       0 |      88 |   0.0 |  5265
               +---------+---------+-------+---------+---------+-------+---------
           D:1 |       0 |       5 |   0.0 |       0 |       3 |   0.0 |   241
           D:2 |       0 |       5 |   0.0 |       0 |       3 |   0.0 |   210
           D:3 |       0 |      14 |   0.0 |       0 |       2 |   0.0 |   234
           D:4 |       0 |     149 |   0.0 |       0 |       8 |   0.0 |  1070
           D:5 |       0 |     690 |   0.0 |       0 |      16 |   0.0 |  2059
           D:6 |       0 |     387 |   0.0 |       0 |      10 |   0.0 |   249
           D:7 |       0 |     383 |   0.0 |       0 |      13 |   0.0 |   617
       Ossuary |       0 |     200 |   0.0 |       0 |      33 |   0.0 |   442
               +---------+---------+-------+---------+---------+-------+---------
